 Dungeon Crawl Stone Soup version 0.25-a0-589-g1e14c549ee (webtiles) character file.

Game seed: 15317551711782074758, levelgen mode: deterministic

37 wullow the Skirmisher (level 3, -8/29 HPs)
             Began as a Demonspawn Fighter on Mar 10, 2020.
             Killed from afar by Sigmund (11 damage)
             ... with a puff of flame
             ... on level 2 of the Dungeon.
             The game lasted 00:02:59 (811 turns).

wullow the Skirmisher (Demonspawn Fighter)           Turns: 811, Time: 00:03:00

Health: -8/29      AC:  6    Str: 17    XL:     3   Next: 23%
Magic:  3/3        EV:  7    Int:  9    God:
Gold:   74         SH:  9    Dex: 12    Spells: 2/2 levels left

rFire    . . .     SeeInvis .   a - +0 trident
rCold    . . .     Gourm    .   c - +0 kite shield
rNeg     . . .     Faith    .   b - +0 scale mail
rPois    .         Spirit   .   (helmet restricted)
rElec    .         Reflect  .   (no cloak)
rCorr    .         Harm     .   (no gloves)
MR       .....                  (no boots)
Stlth    ..........             (no amulet)
HPRegen  0.09/turn              (no ring)
MPRegen  0.08/turn              (no ring)

@: mighty
A: antennae 1, demonic guardian 1
a: no special abilities


You were on level 2 of the Dungeon.
You were not hungry.

You visited 1 branch of the dungeon, and saw 2 of its levels.

You collected 74 gold pieces.

Inventory:

Hand Weapons
 a - a +0 trident (weapon)
 p - a +0 dagger
Missiles
 e - 37 stones (quivered)
 h - 8 boomerangs
Armour
 b - a +0 scale mail (worn)
 c - a +0 kite shield (worn)
Scrolls
 g - 2 scrolls of identify {unknown}
 i - a scroll of teleportation {unknown}
 j - a scroll of noise {unknown}
 m - a scroll of enchant armour {unknown}
Potions
 k - 2 potions of mutation {unknown}
 l - a potion of berserk rage {unknown}
 o - a potion of lignification {unknown}
 q - 3 potions of curing {unknown}
Comestibles
 f - 4 rations
 n - 2 chunks of flesh


   Skills:
 + Level 3.2 Fighting
 * Level 2.3 Polearms
 + Level 3.0 Armour
 * Level 3.1 Shields


You had 2 spell levels left.
You didn't know any spells.
Your spell library was empty.

Dungeon Overview and Level Annotations

Branches:
Dungeon (2/15)

Altars:

Annotations:
D:2 Sigmund


Innate Abilities, Weirdness & Mutations

You have a pair of small antennae on your head.
A weak demonic guardian rushes to your aid.


Message History

Something hits you!
You miss something. You block something's attack.
You hit something. Something hits you.
You closely miss something. Something hits you.
You miss something. You block something's attack.
Your shield and scale mail prevent you from hitting something.
Something hits you.
* * * LOW HITPOINT WARNING * * *
You completely miss something. You closely miss something.
You hear some strange, mumbled words.
Something tries to affect you, but you resist.
Something hits you.
* * * LOW HITPOINT WARNING * * *
You puncture something! You puncture something!
You hear some strange, mumbled words.
A puff of flame appears from out of thin air!
The puff of flame hits you!
You die...

## #. ## #.
###########...
#####.######.............
.........................
###....###<............
#..#.# #@####.####..
#..#.# #{# #.# #..#.# #.#
#.# #..#.###.####.#
#.............#
##.#.....####.# #.#.#.#.#
#.# #.#.#.#.####.#
#.#.#......#.#


There were no monsters in sight!

Vanquished Creatures
  2 adders (D:2)
  4 bats (D:1)
  A giant cockroach (D:1)
  4 goblins
  2 hobgoblins
  2 kobolds (D:1)
  3 frilled lizards
  A rat (D:1)
19 creatures vanquished.

Notes
Turn   | Place    | Note
-------+----------+-------------------------------------------
     0 | D:1      | wullow the Demonspawn Fighter began the quest for the Orb.
     0 | D:1      | Reached XP level 1. HP: 18/18 MP: 1/1
   103 | D:1      | Gained mutation: A weak demonic guardian rushes to your
                  | aid. [demonic ancestry]
   103 | D:1      | Reached XP level 2. HP: 23/24 MP: 2/2
   697 | D:2      | Gained mutation: You have a pair of small antennae on your
                  | head. [demonic ancestry]
   697 | D:2      | Reached XP level 3. HP: 29/29 MP: 3/3
   731 | D:2      | Noticed Sigmund
   811 | D:2      | Killed from afar by Sigmund

Levels and vault maps discovered:
D:1:      shiori_arrival_elements, layout_basic, minmay_misc_feat_rows
D:2:      layout_basic, uniq_sigmund

Skill      XL: |  1  2  3 |
---------------+----------+-----
Polearms       | 2 |  2.3
Shields        | 3 |  3.1
Armour         | 3 |  3.0
Fighting       | |  3.2

Action                   || total
-------------------------++-------
Melee: Trident           ||    87
  Use: Potion            ||     1
Armor: Scale mail        ||    31
Dodge: Dodged            ||    15
Block: Kite shield       ||    36

Table legend:
 A = Non-vault XP
 B = Vault XP
 C = Vault XP percentage of total XP
 D = Non-vault monster count
 E = Vault monster count
 F = Vault count percentage of total count
                 A         B        C        D         E       F
            +---------+---------+-------+---------+---------+-------
      Total |      54 |       0 |   0.0 |      19 |       0 |   0.0
            +---------+---------+-------+---------+---------+-------
        D:1 |      22 |       0 |   0.0 |      14 |       0 |   0.0
        D:2 |      32 |       0 |   0.0 |       5 |       0 |   0.0
            +---------+---------+-------+---------+---------+-------
